Map: Rooftop Terrace

Players

HaXoR - Winner!

  • Race: Zerg Zerg
  • Spawn Location: 7:00

Elrico - Winner!

  • Race: Protoss Protoss
  • Spawn Location: 5:00

Theomach - Winner!

  • Race: Zerg Zerg
  • Spawn Location: 6:00

A.I. 3 (Very Hard)

  • Race: Terran Terran
  • Spawn Location: 11:00

A.I. 4 (Very Hard)

  • Race: Terran Terran
  • Spawn Location: 1:00

A.I. 5 (Elite)

  • Race: Zerg Zerg
  • Spawn Location: 12:00

A.I. 6 (Elite)

  • Race: Protoss Protoss
  • Spawn Location: 12:00

VOD

Have the link to the VOD?

Description

Time

  • Played on: Feb. 26, 2017, 2:28 a.m.
  • Length: 22:17
Show
View Real Time Build Order
Export as new Build Order

HaXoR Zerg - Winner!

Build Orders: Pool First 

Get SALT Encoding   

  12  0:02  Drone  
  13  0:08  Drone  
  14  0:17  Overlord  
  14  0:39  Drone x2  
  14  0:42  Drone  
  17  0:49  Spawning Pool  
  16  1:21  Hatchery  
  16  1:22  Drone x3  
  18  1:28  Extractor  
  17  1:44  Overlord  
  17  1:46  Drone  
  18  1:47  Queen  
  20  2:02  Drone  
  21  2:20  Drone  
  21  2:21  Drone  
  23  2:39  Lair  
  23  2:43  Extractor  
  22  2:55  Zergling x6  
  25  3:04  Queen  
  27  3:06  Overlord x2  
  27  3:07  Overlord  
  27  3:11  Drone x2  
  27  3:12  Drone  
  30  3:42  Drone x3  
  30  3:43  Hatchery  
  32  3:57  Drone x3  
  32  3:58  Drone  
  36  4:19  Extractor  
  36  4:21  Drone, Extractor  
  36  4:22  Drone x4  
  39  4:43  Extractor  
  38  4:48  Extractor  
  37  4:55  Infestation Pit  
  36  5:01  Spire  
  36  5:06  Overlord x4  
  35  5:07  Zergling x4  
  35  5:08  Zergling x6  
  40  5:14  Drone x3  
  40  5:15  Drone x3  
  46  5:22  Queen  
  48  5:42  Zergling x4  
  50  5:43  Zergling x6  
  50  5:47  Drone x3  
  50  5:48  Queen  
  58  5:52  Drone  
  59  6:02  Spire  
  58  6:16  Drone x4  
  58  6:17  Drone  
  63  6:23  Drone x2  
  63  6:24  Drone  
  66  6:31  Overlord x2  
  66  7:04  Hive  
  66  7:14  Drone x2  
  66  7:15  Drone x4  
  72  7:19  Zerg Flyer Weapons Level 1  
  72  7:20  Zerg Flyer Armor Level 1  
  72  7:43  Overlord x2  
  72  7:52  Drone x2  
  72  7:53  Drone x2  
  72  7:54  Overlord, Drone  
  77  7:59  Overlord x6  
  77  8:50  Corruptor  
  77  8:51  Corruptor x5  
  77  8:52  Corruptor x3  
  95  8:56  Corruptor x3  
  95  8:57  Corruptor  
  103  9:14  Greater Spire  
  90  10:33  Brood Lord x9  
  90  10:34  Brood Lord x4  
  116  10:37  Zerg Flyer Weapons Level 2  
  116  10:49  Corruptor x2  
  116  10:50  Corruptor x4  
  128  11:46  Corruptor x4  
  128  11:47  Corruptor x4  
  144  12:52  Zerg Flyer Armor Level 2  
  144  13:07  Brood Lord x2  
  144  13:08  Brood Lord x4  
  152  13:38  Zerg Flyer Weapons Level 3  
  124  15:12  Brood Lord x3  
  124  15:13  Brood Lord x3  
  124  15:14  Brood Lord x2  
  140  15:19  Corruptor x2  
  140  15:20  Corruptor x4  
  149  15:37  Corruptor x4  
  149  15:38  Corruptor x2  
  136  19:19  Hatchery  
  136  19:21  Corruptor x4  
  136  19:22  Corruptor x2  
  139  21:19  Brood Lord x2  
  139  21:20  Brood Lord x4  
Show
View Real Time Build Order
Export as new Build Order

Elrico Protoss - Winner!

Build Orders: Cannon Rush 

Get SALT Encoding   

  12  0:03  Probe (Chrono Boost)  
  13  0:14  Probe (Chrono Boost)  
  14  0:24  Probe (Chrono Boost)  
  15  0:31  Pylon  
  15  0:37  Pylon  
  15  0:49  Probe (Chrono Boost)  
  16  0:55  Forge  
  16  1:00  Probe (Chrono Boost)  
  17  1:07  Gateway  
  17  1:13  Probe (Chrono Boost)  
  18  1:23  Probe (Chrono Boost)  
  19  1:31  Photon Cannon  
  19  1:34  Photon Cannon  
  19  1:45  Photon Cannon  
  19  1:52  Photon Cannon  
  19  2:08  Pylon  
  19  2:19  Photon Cannon  
  19  2:23  Photon Cannon  
  19  2:27  Photon Cannon  
  19  2:37  Pylon  
  19  2:43  Cybernetics Core  
  19  2:55  Assimilator  
  19  3:01  Assimilator  
  19  3:15  Nexus  
  19  3:32  Probe (Chrono Boost)  
  20  3:42  Probe (Chrono Boost)  
  20  3:47  Assimilator  
  21  3:52  Assimilator  
  21  3:53  Probe (Chrono Boost)  
  22  4:03  Probe (Chrono Boost)  
  22  4:06  Pylon  
  23  4:11  Cybernetics Core  
  23  4:14  Probe (Chrono Boost)  
  24  4:22  Stargate  
  24  4:27  Probe (Chrono Boost)  
  25  4:37  Probe (Chrono Boost)  
  25  4:38  Sentry, Photon Cannon  
  28  4:48  Probe (Chrono Boost)  
  29  4:59  Probe (Chrono Boost)  
  30  5:05  Sentry  
  32  5:09  Probe (Chrono Boost)  
  32  5:11  Probe (Chrono Boost)  
  34  5:20  Probe (Chrono Boost)  
  35  5:21  Probe (Chrono Boost)  
  36  5:30  Probe (Chrono Boost)  
  36  5:32  Probe (Chrono Boost)  
  38  5:36  Sentry, Fleet Beacon  
  38  5:41  Probe (Chrono Boost)  
  42  5:42  Probe (Chrono Boost)  
  42  5:53  Probe (Chrono Boost)  
  43  5:58  Stargate  
  43  6:01  Photon Cannon  
  43  6:11  Sentry  
  45  6:20  Nexus  
  45  6:29  Tempest  
  51  6:41  Stargate  
  51  6:47  Stargate  
  51  7:18  Tempest  
  51  7:19  Tempest  
  63  7:31  Probe (Chrono Boost)  
  63  7:34  Assimilator  
  63  7:36  Assimilator  
  65  7:37  Probe (Chrono Boost)  
  65  7:41  Probe (Chrono Boost)  
  66  7:47  Probe (Chrono Boost)  
  66  7:49  Pylon  
  66  7:50  Pylon  
  67  7:52  Probe (Chrono Boost)  
  67  7:58  Probe (Chrono Boost)  
  69  8:02  Tempest  
  69  8:03  Probe (Chrono Boost)  
  76  8:08  Protoss Air Weapons Level 1  
  76  8:14  Tempest  
  82  8:25  Protoss Air Armor Level 1  
  82  8:46  Tempest  
  88  8:50  Tempest  
  92  9:28  Photon Cannon x2  
  92  9:30  Photon Cannon  
  92  9:32  Photon Cannon, Tempest  
  92  9:34  Photon Cannon  
  98  9:41  Probe (Chrono Boost)  
  99  9:52  Probe (Chrono Boost)  
  100  10:03  Probe (Chrono Boost)  
  101  10:29  Pylon x2  
  101  10:33  Pylon x2  
  101  10:35  Pylon  
  101  10:37  Pylon  
  101  10:38  Pylon  
  101  10:47  Probe (Chrono Boost), Tempest x2  
  114  10:50  Tempest  
  114  10:53  Pylon  
  120  10:58  Probe (Chrono Boost)  
  120  11:00  Nexus  
  120  11:03  Assimilator  
  121  11:04  Assimilator  
  121  11:15  Probe (Chrono Boost)  
  122  11:21  Protoss Air Weapons Level 2  
  123  11:25  Probe (Chrono Boost)  
  123  11:31  Tempest x2  
  135  11:36  Probe (Chrono Boost)  
  136  11:43  Protoss Air Armor Level 2  
  136  11:46  Probe (Chrono Boost)  
  137  11:53  Stargate  
  118  12:50  Tempest  
  118  12:51  Tempest  
  130  12:52  Tempest x2  
  130  12:58  Stargate  
  142  13:02  Tempest  
  148  13:33  Tempest  
  154  14:19  Tempest x3  
  172  14:25  Protoss Air Weapons Level 3  
  172  14:26  Tempest  
  172  14:29  Tempest  
  172  14:30  Tempest  
  142  14:52  Protoss Air Armor Level 3  
  142  15:02  Tempest  
  142  15:04  Pylon  
  142  15:05  Pylon  
  142  15:06  Pylon  
  148  15:08  Pylon  
  148  15:10  Pylon  
  148  15:28  Tempest x2  
  154  15:29  Tempest  
  166  16:39  Tempest x5  
  196  17:58  Nexus  
  178  19:04  Tempest  
  178  19:05  Tempest x2  
  190  19:44  Tempest  
Show
View Real Time Build Order
Export as new Build Order

Theomach Zerg - Winner!

Build Orders: Hatch First 

Get SALT Encoding   

  12  0:33  Drone x2  
  14  0:37  Overlord  
  14  0:48  Hatchery  
  14  0:49  Drone  
  14  0:55  Drone  
  15  1:05  Drone  
  16  1:16  Drone  
  17  1:23  Spawning Pool  
  16  1:26  Extractor  
  16  1:27  Drone, Extractor  
  15  1:39  Drone  
  16  1:51  Drone  
  17  1:59  Drone  
  18  2:09  Queen, Drone  
  18  2:12  Lair  
  18  2:13  Drone  
  22  2:20  Drone  
  22  2:22  Drone  
  24  2:26  Drone  
  25  2:35  Drone  
  26  2:37  Drone  
  27  2:44  Overlord  
  27  2:55  Drone  
  28  3:02  Drone  
  29  3:07  Drone  
  29  3:09  Drone x2  
  32  3:21  Drone  
  32  3:23  Queen  
  35  3:30  Infestation Pit, Drone x2  
  36  3:36  Overlord x2  
  36  3:51  Overlord  
  36  3:52  Overlord  
  36  3:55  Drone x2  
  38  3:59  Spine Crawler  
  38  4:00  Spine Crawler  
  38  4:01  Spine Crawler  
  35  4:09  Hive  
  35  4:11  Drone x2  
  37  4:18  Drone  
  37  4:21  Drone x3  
  41  4:39  Evolution Chamber  
  41  4:43  Evolution Chamber, Drone, Hatchery  
  41  4:44  Drone x2  
  41  4:46  Drone  
  41  4:51  Queen  
  44  4:56  Drone x2  
  44  4:57  Drone  
  44  4:59  Drone  
  48  5:02  Drone  
  49  5:08  Extractor  
  49  5:09  Extractor  
  49  5:11  Zerg Melee Weapons Level 1  
  49  5:12  Zerg Ground Armor Level 1  
  47  5:20  Spine Crawler  
  46  5:22  Ultralisk Cavern  
  46  5:26  Drone  
  46  5:27  Drone x2  
  48  5:32  Queen  
  51  5:35  Drone x2  
  51  5:41  Drone x2  
  54  6:01  Drone  
  54  6:03  Queen  
  57  6:06  Queen  
  59  6:11  Queen  
  59  6:14  Ultralisk  
  59  6:16  Chitinous Plating  
  67  6:20  Ultralisk  
  73  6:29  Drone  
  73  6:30  Overlord x2  
  73  6:31  Overlord  
  74  6:52  Drone x5  
  74  6:53  Overlord, Drone x4  
  83  6:59  Ultralisk  
  89  7:15  Spine Crawler x2  
  87  7:23  Pneumatized Carapace  
  87  7:25  Ultralisk x2  
  87  7:29  Drone x3  
  102  7:41  Extractor  
  102  7:43  Extractor  
  100  7:44  Overlord x3  
  100  7:46  Ultralisk  
  106  8:02  Queen  
  106  8:05  Queen x2  
  108  8:07  Drone x4  
  108  8:08  Drone  
  117  8:17  Ultralisk  
  117  8:18  Ultralisk  
  129  8:44  Overlord x7  
  129  8:45  Overlord x5  
  129  8:53  Zerg Melee Weapons Level 2  
  129  8:55  Zerg Ground Armor Level 2  
  129  9:14  Ultralisk x2  
  141  9:24  Ultralisk x2  
  159  9:38  Ultralisk  
  159  9:39  Queen  
  159  9:40  Queen  
  163  9:57  Spine Crawler  
  144  10:27  Ultralisk x3  
  144  10:28  Ultralisk  
  168  10:37  Drone  
  168  10:40  Queen  
  171  10:44  Ultralisk  
  171  10:45  Queen  
  171  10:47  Queen  
  181  10:56  Hatchery  
  180  11:14  Ultralisk, Nydus Network  
  180  11:16  Ultralisk  
  191  11:18  Hatchery  
  190  11:29  Zerg Melee Weapons Level 3  
  190  11:38  Queen  
  190  11:39  Queen  
  192  11:46  Zerg Ground Armor Level 3  
  194  12:55  Ultralisk  
  200  13:00  Nydus Canal  
  196  14:35  Queen  
  196  14:36  Queen  
  144  17:29  Ultralisk  
  160  17:30  Ultralisk x6  
  160  17:31  Ultralisk x2  
  192  18:04  Ultralisk  
  198  18:21  Nydus Canal  
  198  18:24  Queen  
  200  19:01  Zerg Missile Weapons Level 1, Extractor  
  199  19:02  Extractor  
  198  19:17  Nydus Canal  
  186  21:17  Zergling x12  
  186  21:18  Zergling x12  
  198  21:30  Nydus Canal  
Show
View Real Time Build Order
Export as new Build Order

A.I. 3 (Very Hard) Terran 

Build Orders: MMM Bio 

Get SALT Encoding   

  12  0:01  SCV  
  13  0:13  SCV  
  14  0:19  Supply Depot  
  14  0:25  SCV  
  15  0:41  SCV  
  16  0:53  SCV  
  17  0:57  Refinery  
  17  0:59  Barracks  
  17  1:05  SCV  
  18  1:17  SCV  
  19  1:31  Command Center  
  19  1:41  Supply Depot  
  19  1:43  SCV  
  20  1:47  Marine  
  21  2:02  Factory  
  21  2:15  SCV  
  21  2:16  Barracks  
  21  2:20  Marine  
  23  2:28  SCV  
  24  2:33  Supply Depot  
  24  2:40  SCV, Marine  
  26  2:45  Factory Tech Lab  
  26  2:50  SCV  
  27  3:01  Orbital Command  
  27  3:07  Refinery  
  27  3:08  Marine  
  28  3:17  Orbital Command  
  28  3:19  Marine  
  29  3:26  Marine  
  31  3:27  SCV  
  31  3:37  Marine  
  31  3:39  SCV  
  33  3:43  SCV  
  33  3:44  Marine  
  35  3:51  SCV  
  35  3:55  SCV, Marine  
  38  3:56  Barracks  
  38  4:02  Barracks Tech Lab  
  38  4:03  SCV  
  38  4:07  SCV  
  38  4:09  Supply Depot  
  40  4:14  Barracks Tech Lab  
  40  4:15  SCV  
  41  4:19  SCV  
  41  4:20  Marine  
  43  4:24  Stimpack  
  43  4:26  Siege Tank  
  43  4:27  SCV  
  47  4:31  SCV  
  47  4:32  Combat Shields, Marine  
  47  4:38  Marine  
  49  4:39  SCV  
  49  4:42  Marine  
  49  4:43  SCV  
  53  4:50  Supply Depot, Marauder  
  53  4:51  SCV  
  56  4:56  SCV, Marauder  
  59  5:00  Marine  
  59  5:03  SCV  
  61  5:08  SCV  
  61  5:12  Marauder  
  64  5:15  Supply Depot  
  64  5:16  SCV  
  64  5:18  Marauder  
  64  5:19  Barracks Reactor  
  64  5:20  SCV  
  68  5:23  Refinery  
  68  5:27  Refinery  
  68  5:31  Engineering Bay  
  68  5:33  Marauder  
  70  5:36  SCV  
  70  5:38  SCV  
  70  5:39  Marauder  
  70  5:40  Supply Depot  
  74  5:49  SCV  
  75  5:50  SCV  
  75  5:54  Marauder  
  75  5:56  Terran Infantry Armor Level 1  
  78  6:01  Engineering Bay, Marauder  
  78  6:02  SCV x2  
  78  6:04  Missile Turret, Command Center  
  82  6:06  Supply Depot  
  82  6:16  Marauder  
  84  6:23  Marauder  
  86  6:27  Terran Infantry Weapons Level 1  
  86  6:31  Starport  
  86  6:34  Supply Depot, Marine  
  86  6:36  Marine  
  86  6:37  Concussive Shells, Marauder  
  90  6:44  Marauder  
  92  6:50  Missile Turret  
  92  6:53  Missile Turret  
  92  6:59  Missile Turret, Marauder  
  92  7:01  Supply Depot  
  94  7:02  Marine  
  94  7:03  Marine  
  94  7:04  Missile Turret  
  94  7:06  Marauder  
  94  7:07  Barracks, Starport Reactor  
  98  7:18  SCV  
  98  7:19  Marine  
  98  7:20  SCV  
  101  7:23  SCV  
  101  7:27  Marauder  
  104  7:30  SCV  
  104  7:32  SCV  
  104  7:35  Supply Depot, SCV  
  107  7:38  Missile Turret  
  107  7:41  Marine  
  107  7:42  SCV  
  107  7:44  Missile Turret, Viking, Medivac  
  109  7:45  SCV  
  109  7:47  SCV  
  115  7:55  SCV, Marauder  
  115  7:57  SCV  
  119  8:01  SCV  
  119  8:02  Supply Depot  
  120  8:06  Hellion  
  120  8:07  SCV  
  120  8:09  SCV  
  124  8:13  SCV  
  124  8:14  Viking, Medivac  
  129  8:21  Orbital Command  
  129  8:23  SCV  
  129  8:24  Supply Depot  
  130  8:27  Hellion  
  132  8:37  Marauder  
  132  8:39  SCV  
  134  8:43  Marauder  
  134  8:44  Medivac  
  134  8:46  Viking  
  142  8:48  Hellion  
  142  8:51  Supply Depot  
  142  8:58  Marauder  
  144  9:04  Marauder  
  148  9:10  Hellion  
  148  9:11  Missile Turret  
  148  9:14  Viking  
  148  9:15  Armory  
  150  9:19  Missile Turret  
  150  9:23  Supply Depot  
  150  9:26  Refinery  
  150  9:27  Viking  
  154  9:31  Hellion  
  154  9:36  Refinery  
  153  9:38  Armory  
  153  9:45  Viking  
  155  9:49  Supply Depot  
  157  9:53  Hellion  
  157  9:57  Viking  
  134  10:01  Marine, Marauder  
  134  10:02  SCV, Marine  
  134  10:03  Marine  
  134  10:04  Marine  
  104  10:13  Thor  
  108  10:15  Medivac  
  108  10:19  Marine  
  108  10:20  Marine  
  109  10:21  Marine  
  109  10:22  Marauder x2  
  109  10:27  Viking  
  116  10:36  Marine  
  116  10:39  Marine  
  116  10:40  Marine  
  119  10:43  Marauder, Marine, Command Center  
  119  10:45  Viking  
  124  10:54  Marine  
  124  10:56  Thor  
  131  10:57  Viking  
  131  11:01  Marauder  
  131  11:02  Supply Depot  
  135  11:05  Marauder  
  137  11:15  Viking  
  139  11:23  Marauder  
  141  11:26  Marauder  
  141  11:27  Viking, Supply Depot  
  144  11:34  Marine  
  144  11:36  Marine  
  144  11:37  Marine  
  144  11:39  Thor  
  153  11:44  Marine  
  153  11:45  Viking  
  156  11:47  Marauder  
  158  11:54  Fusion Core  
  158  11:57  Viking  
  158  11:58  Supply Depot  
  160  12:01  Command Center  
  160  12:02  Marauder  
  162  12:09  Marauder  
  162  12:15  Viking  
  166  12:22  Thor  
  172  12:23  Marauder  
  172  12:27  Supply Depot  
  174  12:30  Marauder  
  176  12:45  Marauder  
  177  12:52  Marauder  
  179  13:05  Thor  
  185  13:06  Marauder  
  187  13:16  Terran Infantry Weapons Level 2  
  187  13:36  Terran Infantry Armor Level 2  
  187  13:47  Thor  
  179  14:01  Missile Turret  
  172  14:08  Viking  
  163  14:10  Marauder  
  163  14:12  Viking  
  163  14:13  Marine  
  163  14:14  Marauder  
  163  14:15  Marine  
  129  14:19  Marine  
  82  14:25  Missile Turret  
  60  14:31  Thor, Marine  
  60  14:34  Marine  
  60  14:36  Marauder  
  60  14:37  Marine  
  69  14:40  Viking  
  69  14:43  Viking  
  73  14:46  Command Center  
  73  14:49  Marauder  
  73  14:52  Marine  
  76  14:54  Supply Depot, Marine  
  76  14:56  Marine  
  78  15:06  Missile Turret  
  76  15:10  Marine  
  76  15:11  Marauder  
  76  15:12  Marine  
  76  15:14  Thor  
  80  15:15  Refinery, Marauder  
  88  15:23  Barracks  
  88  15:27  Command Center  
  88  15:28  Marine  
  89  15:32  Marauder  
  89  15:35  Marine  
  92  15:36  Marauder  
  94  15:53  Marauder  
  94  15:57  Thor  
  96  15:58  Marauder  
  103  16:15  Marauder  
Show
View Real Time Build Order
Export as new Build Order

A.I. 4 (Very Hard) Terran 

Build Orders: MMM Bio 

Get SALT Encoding   

  12  0:01  SCV  
  13  0:13  SCV  
  14  0:20  Supply Depot  
  14  0:25  SCV  
  15  0:30  Refinery  
  15  0:42  SCV  
  16  0:50  Barracks  
  16  0:54  SCV  
  17  1:06  SCV  
  18  1:18  SCV  
  19  1:38  Supply Depot, Orbital Command  
  19  1:39  Marine  
  20  1:43  Factory  
  20  1:54  Barracks  
  20  1:57  Marine  
  21  2:04  SCV  
  21  2:07  Refinery  
  22  2:14  Marine  
  23  2:16  SCV  
  24  2:25  Supply Depot  
  24  2:29  Factory Tech Lab  
  24  2:30  SCV  
  24  2:32  Marine  
  26  2:41  Marine  
  27  2:49  SCV  
  27  2:50  Siege Tank  
  31  2:52  Marine  
  32  2:59  Marine  
  32  3:02  Supply Depot  
  32  3:04  SCV  
  34  3:09  Marine  
  35  3:17  Marine  
  36  3:22  Siege Tank  
  36  3:23  SCV  
  40  3:27  Marine  
  41  3:34  Marine  
  41  3:35  Supply Depot  
  41  3:36  SCV  
  43  3:58  Command Center  
  43  4:00  SCV  
  44  4:04  Barracks Tech Lab  
  44  4:07  Barracks Tech Lab  
  44  4:12  SCV  
  45  4:18  Supply Depot  
  45  4:24  SCV, Marauder  
  47  4:29  Marauder  
  50  4:36  SCV  
  51  4:39  Stimpack  
  51  4:45  Marauder  
  53  4:50  Marine  
  54  4:57  Supply Depot  
  54  5:06  Marauder  
  56  5:08  Marauder  
  56  5:12  SCV  
  56  5:13  SCV  
  60  5:24  SCV  
  60  5:26  SCV  
  60  5:27  Barracks  
  60  5:28  Marauder  
  64  5:29  Marauder  
  66  5:36  SCV  
  66  5:38  SCV  
  68  5:48  SCV  
  68  5:49  Marauder  
  71  5:51  Starport, Marauder  
  73  5:58  Supply Depot, SCV  
  73  6:00  SCV  
  75  6:10  SCV, Marine  
  77  6:12  SCV, Marauder  
  77  6:15  Barracks Reactor  
  80  6:23  Supply Depot  
  80  6:24  SCV  
  81  6:26  SCV  
  81  6:28  Marauder  
  81  6:29  Combat Shields  
  81  6:30  Medivac  
  86  6:34  Marauder  
  86  6:36  SCV  
  86  6:38  SCV  
  90  6:41  Concussive Shells  
  90  6:43  Engineering Bay  
  90  6:45  Refinery  
  90  6:48  Supply Depot  
  90  6:50  Marauder  
  90  6:51  Marine  
  93  6:55  Command Center, Marauder  
  93  7:01  Medivac  
  97  7:02  Marine  
  98  7:09  Terran Infantry Weapons Level 1, SCV, Marine  
  98  7:10  SCV  
  98  7:14  Supply Depot  
  101  7:19  Engineering Bay  
  101  7:21  SCV  
  102  7:23  Orbital Command  
  102  7:28  Missile Turret  
  102  7:32  Missile Turret  
  102  7:38  Barracks, Medivac  
  102  7:43  Marine  
  105  7:45  Terran Infantry Armor Level 1  
  105  7:49  Marine  
  105  7:50  Supply Depot  
  106  7:51  Marine  
  106  7:53  Marine  
  108  8:02  Marauder  
  110  8:06  Hellion  
  110  8:08  SCV  
  110  8:09  Starport Reactor  
  110  8:10  SCV  
  110  8:11  SCV  
  115  8:20  SCV  
  115  8:22  SCV  
  115  8:24  SCV  
  118  8:28  Hellion  
  118  8:31  Supply Depot  
  118  8:32  SCV, Marauder  
  111  8:34  SCV  
  111  8:35  Marine  
  111  8:36  SCV  
  111  8:38  Marine  
  111  8:40  Marine  
  115  8:44  SCV  
  115  8:45  Viking, Medivac  
  115  8:46  SCV  
  121  8:48  SCV  
  121  8:49  Hellion  
  121  8:53  Marauder x2  
  128  8:56  SCV  
  128  8:59  SCV  
  128  9:01  Supply Depot  
  130  9:10  Hellion  
  130  9:14  Marauder  
  130  9:15  Viking, Marauder  
  138  9:18  Viking  
  140  9:26  Supply Depot  
  140  9:32  Marine x2, Hellion  
  140  9:34  Marine  
  140  9:35  Marine  
  140  9:36  Marauder  
  148  9:45  Viking, Armory  
  150  9:48  Viking  
  150  9:50  Refinery  
  150  9:52  Refinery  
  152  9:53  Hellion  
  152  9:55  Supply Depot  
  154  10:02  Refinery  
  154  10:14  Hellion  
  154  10:15  Viking  
  154  10:16  SCV  
  154  10:18  Viking, SCV  
  154  10:19  Supply Depot, SCV  
  163  10:33  Terran Vehicle Weapons Level 1  
  163  10:34  SCV  
  164  10:35  Thor  
  164  10:36  SCV  
  164  10:41  SCV  
  172  10:45  Viking, Supply Depot  
  174  11:11  Missile Turret  
  174  11:15  Supply Depot, Orbital Command  
  174  11:18  Thor  
  174  11:21  Missile Turret  
  180  11:25  Command Center  
  180  11:34  Missile Turret  
  180  11:38  Missile Turret  
  180  11:42  Supply Depot  
  180  11:53  Viking  
  172  11:55  Viking  
  172  12:01  Thor  
  176  12:23  Viking  
  176  12:24  Viking  
  180  12:43  Missile Turret  
  180  12:44  Thor, Planetary Fortress  
  186  12:53  Viking  
  186  12:54  Viking  
  190  13:15  Missile Turret  
  190  13:18  Refinery  
  190  13:23  Missile Turret, Terran Infantry Weapons Level 2  
  190  13:27  Thor  
  190  13:32  Missile Turret  
  196  13:35  Refinery  
  196  13:56  Missile Turret  
  196  14:07  Terran Infantry Armor Level 2  
  196  14:24  Missile Turret  
  196  14:28  Terran Ship Weapons Level 1  
  194  14:57  Missile Turret  
  194  15:35  Armory  
  194  15:40  Terran Infantry Weapons Level 3  
  194  15:47  Factory  
  192  15:52  Thor  
  192  15:54  Marauder  
  178  15:58  Viking  
  178  15:59  Viking  
  182  16:04  Starport  
  182  16:08  Marauder  
  162  16:11  Barracks  
  162  16:12  Barracks Tech Lab, Marine x2  
  162  16:16  Marauder  
  109  16:26  Fusion Core  
  109  16:28  Viking  
  109  16:29  Viking  
  109  16:30  Marine, Marauder  
  109  16:31  Marine  
  109  16:32  Marine  
  113  16:33  Ghost Academy  
  113  16:34  Factory Tech Lab  
  113  16:36  Thor  
  113  16:37  Marine  
  108  16:42  Starport Tech Lab  
  104  16:51  Marauder  
  104  16:53  Marauder  
  105  16:55  Marauder  
  105  16:58  Viking, Marine  
  105  16:59  Viking  
  105  17:00  Marine  
  105  17:01  Marine  
  113  17:03  Viking  
  113  17:05  Thor  
  121  17:12  Ghost  
  121  17:14  Marauder  
  122  17:16  Marine, Marauder  
  122  17:18  Marine  
  122  17:19  Thor, Marine  
  118  17:28  Viking  
  118  17:29  Medivac  
  113  17:33  Viking  
  113  17:34  Marine  
  113  17:36  Marine, Marauder  
  119  17:38  Marauder  
  119  17:39  Marine  
  119  17:41  Marauder  
  124  17:47  Thor  
  130  17:52  Marine  
  130  17:54  Marine  
  130  17:57  Marine  
  130  17:58  Viking  
  132  17:59  Marine, Marauder  
  132  18:00  Viking  
  132  18:02  Raven, Marauder  
  141  18:08  Thor  
  141  18:10  Marine  
  141  18:12  Marine  
  146  18:15  Marauder  
  146  18:17  Marine  
  147  18:21  Marauder  
  147  18:23  Marine  
  147  18:24  Missile Turret  
  146  18:27  Marine  
  146  18:28  Viking  
  146  18:30  Viking, Thor, Marine  
  150  18:34  Marine  
  150  18:36  Marauder  
  140  18:41  Missile Turret, Marine  
  140  18:42  Marauder  
  140  18:45  Viking, Marine  
  140  18:48  Marine  
  139  18:51  Thor  
  139  18:52  Missile Turret, Marine  
  130  18:58  Viking, Marauder  
  130  19:00  Marauder  
  130  19:03  Marine, Marauder  
  130  19:06  Marine  
  131  19:10  Marine  
  131  19:13  Thor  
  136  19:19  Marauder  
  136  19:21  Marine, Marauder  
  136  19:23  Marine  
  135  19:24  Marauder  
  135  19:28  Marine  
  135  19:32  Viking  
  135  19:33  Thor  
  138  19:39  Marine  
  138  19:40  Marauder  
  89  19:46  Marine  
  89  19:50  Marine  
  77  19:55  Marine  
  77  19:57  Marine  
  67  20:03  Marauder  
  65  20:13  Marine  
  38  20:15  SCV x2, Marine  
  38  20:20  SCV  
  16  20:32  SCV  
  7  20:44  SCV  
Show
View Real Time Build Order
Export as new Build Order

A.I. 5 (Elite) Zerg 

Build Orders: Pool First 

Get SALT Encoding   

  12  0:01  Drone  
  13  0:12  Overlord  
  13  0:18  Drone  
  14  0:30  Drone  
  14  0:31  Drone  
  14  0:34  Drone  
  17  0:49  Spawning Pool  
  16  0:50  Drone  
  17  1:13  Hatchery  
  17  1:17  Drone  
  17  1:20  Extractor  
  17  1:22  Drone  
  17  1:26  Extractor  
  17  1:29  Drone  
  17  1:32  Drone  
  17  1:38  Drone  
  19  1:49  Overlord  
  19  2:01  Queen  
  19  2:07  Zergling x2  
  22  2:11  Drone  
  23  2:27  Queen  
  25  2:34  Drone  
  26  2:39  Drone  
  27  2:44  Drone  
  27  2:48  Drone  
  29  3:03  Roach Warren  
  29  3:05  Drone  
  29  3:09  Drone  
  29  3:12  Zergling x2  
  31  3:14  Zergling x2  
  32  3:21  Overlord  
  32  3:24  Drone  
  32  3:27  Drone  
  34  3:43  Roach  
  34  3:44  Roach  
  34  3:45  Roach  
  34  3:46  Roach  
  38  3:51  Lair  
  38  3:56  Overlord  
  38  4:01  Overlord  
  38  4:05  Zergling x2  
  38  4:07  Zergling x2  
  40  4:10  Zergling x2  
  40  4:12  Drone  
  40  4:15  Drone  
  43  4:17  Drone  
  43  4:20  Drone  
  43  4:22  Drone  
  46  4:26  Roach  
  46  4:30  Roach  
  48  4:34  Overlord  
  48  4:42  Drone  
  48  4:44  Drone  
  50  4:46  Drone  
  50  4:48  Drone  
  50  4:52  Infestation Pit  
  51  4:53  Drone  
  51  4:54  Overlord  
  51  4:59  Overlord  
  52  5:02  Roach  
  53  5:09  Hydralisk Den  
  53  5:11  Drone  
  53  5:14  Drone  
  53  5:15  Drone  
  53  5:17  Drone  
  53  5:19  Drone  
  53  5:21  Drone  
  58  5:23  Drone  
  58  5:25  Drone  
  58  5:27  Drone  
  61  5:29  Drone  
  61  5:30  Drone  
  61  5:33  Drone  
  61  5:34  Drone  
  65  5:37  Roach  
  65  5:40  Hydralisk  
  65  5:41  Hydralisk  
  70  5:43  Hydralisk  
  70  5:46  Hydralisk  
  70  5:49  Hydralisk  
  76  5:53  Overlord  
  76  5:56  Hydralisk  
  78  6:05  Roach x2  
  78  6:06  Roach x2  
  82  6:13  Roach  
  82  6:14  Roach, Overlord  
  82  6:15  Metabolic Boost  
  84  6:19  Evolution Chamber  
  84  6:24  Hatchery  
  82  6:39  Ravager  
  84  6:41  Roach, Evolution Chamber  
  84  6:42  Ravager  
  84  6:46  Roach  
  87  6:47  Zerg Missile Weapons Level 1  
  87  6:49  Evolution Chamber, Drone  
  87  6:55  Extractor  
  87  6:56  Hydralisk  
  87  6:57  Overlord, Drone  
  87  6:59  Extractor  
  87  7:00  Drone  
  89  7:05  Hydralisk  
  89  7:07  Zerg Melee Weapons Level 1  
  91  7:14  Zerg Ground Armor Level 1  
  91  7:18  Drone  
  91  7:22  Drone x2  
  94  7:23  Drone  
  94  7:24  Spine Crawler  
  94  7:26  Drone  
  95  7:34  Spine Crawler  
  95  7:36  Drone  
  95  7:37  Overseer  
  95  7:38  Infestor, Drone  
  95  7:39  Drone  
  95  7:40  Drone  
  95  7:41  Overlord, Drone  
  95  7:42  Drone  
  95  7:43  Drone  
  103  7:44  Drone  
  103  7:45  Drone  
  103  7:47  Drone  
  103  7:48  Drone  
  103  7:49  Drone x2  
  109  7:51  Drone  
  109  7:54  Drone x2  
  109  7:57  Drone  
  109  7:58  Drone, Extractor  
  114  7:59  Drone  
  114  8:02  Overlord  
  114  8:07  Drone  
  114  8:08  Drone  
  116  8:13  Drone  
  116  8:15  Glial Reconstitution  
  116  8:17  Drone  
  116  8:18  Baneling Nest  
  116  8:19  Infestor, Drone  
  118  8:20  Drone  
  118  8:21  Drone  
  118  8:24  Overlord  
  118  8:25  Drone  
  118  8:26  Pneumatized Carapace  
  123  8:31  Roach  
  123  8:32  Roach  
  123  8:33  Roach  
  126  8:36  Spore Crawler  
  126  8:39  Hatchery  
  124  8:42  Drone  
  124  8:43  Drone  
  124  8:44  Overlord  
  124  8:47  Roach  
  124  8:48  Roach  
  128  8:51  Roach  
  128  8:55  Spire  
  128  9:03  Overlord, Baneling  
  128  9:04  Baneling x2  
  128  9:05  Baneling  
  128  9:06  Baneling x2  
  128  9:11  Extractor  
  128  9:12  Drone  
  128  9:13  Zerg Missile Weapons Level 2  
  128  9:17  Queen, Spore Crawler  
  129  9:30  Spine Crawler  
  128  9:32  Drone, Zerg Ground Armor Level 2  
  128  9:35  Drone  
  128  9:36  Drone  
  128  9:37  Drone  
  132  9:39  Queen, Burrow  
  132  9:41  Overlord  
  132  9:42  Hydralisk  
  132  9:44  Hydralisk  
  138  9:47  Hydralisk  
  138  9:49  Spine Crawler  
  138  9:51  Hydralisk  
  141  9:54  Spine Crawler, Drone  
  141  9:55  Drone  
  141  9:56  Drone  
  141  9:59  Zergling x2  
  141  10:01  Roach  
  141  10:02  Zergling x2  
  141  10:03  Roach  
  141  10:04  Roach  
  141  10:06  Mutalisk  
  136  10:08  Corruptor  
  136  10:09  Mutalisk  
  136  10:12  Extractor  
  139  10:14  Drone  
  139  10:15  Extractor, Mutalisk  
  139  10:16  Drone  
  139  10:20  Mutalisk  
  144  10:27  Mutalisk  
  146  10:33  Mutalisk  
  146  10:34  Overlord  
  148  10:40  Mutalisk  
  150  10:42  Spore Crawler  
  150  10:45  Drone, Mutalisk  
  150  10:47  Spore Crawler  
  151  10:50  Drone  
  151  10:51  Mutalisk  
  151  10:57  Mutalisk  
  154  10:58  Spine Crawler, Overlord  
  154  11:01  Drone  
  154  11:02  Mutalisk  
  157  11:06  Mutalisk  
  157  11:11  Spore Crawler, Mutalisk  
  159  11:15  Drone  
  159  11:16  Spine Crawler, Overseer  
  160  11:19  Drone  
  160  11:20  Overseer  
  161  11:25  Spore Crawler  
  161  11:28  Drone, Mutalisk  
  161  11:29  Overlord  
  161  11:32  Mutalisk  
  165  11:36  Mutalisk  
  167  11:41  Mutalisk  
  167  11:45  Mutalisk  
  171  11:49  Overlord  
  171  11:50  Mutalisk  
  173  11:54  Mutalisk  
  173  11:59  Corruptor  
  177  12:02  Spine Crawler  
  177  12:05  Drone  
  177  12:06  Corruptor  
  177  12:07  Spine Crawler  
  177  12:08  Corruptor  
  178  12:10  Drone  
  178  12:11  Spine Crawler  
  178  12:14  Drone  
  178  12:15  Spine Crawler  
  180  12:16  Hydralisk  
  180  12:18  Drone  
  180  12:20  Hive  
  181  12:27  Zergling x2  
  170  12:40  Mutalisk  
  170  12:44  Mutalisk  
  162  12:48  Spine Crawler  
  162  12:50  Drone  
  161  12:53  Mutalisk  
  161  12:54  Overlord  
  161  12:55  Mutalisk  
  161  12:56  Spore Crawler  
  164  13:00  Drone  
  164  13:01  Mutalisk  
  164  13:04  Mutalisk  
  164  13:05  Spine Crawler  
  168  13:09  Drone, Mutalisk  
  168  13:12  Spore Crawler  
  170  13:14  Drone  
  170  13:16  Mutalisk  
  170  13:17  Mutalisk  
  170  13:19  Spine Crawler  
  174  13:21  Drone  
  174  13:22  Mutalisk  
  174  13:26  Corruptor  
  179  13:27  Spore Crawler  
  179  13:31  Drone  
  179  13:32  Corruptor  
  179  13:33  Spore Crawler  
  180  13:35  Drone  
  180  13:36  Corruptor  
  180  13:38  Ultralisk Cavern  
  180  13:41  Drone, Corruptor  
  183  13:45  Spore Crawler  
  183  13:46  Corruptor  
  186  13:50  Drone  
  186  13:51  Corruptor  
  186  13:52  Spore Crawler  
  188  13:55  Drone  
  188  13:56  Corruptor  
  188  14:00  Corruptor  
  193  14:11  Spine Crawler  
  193  14:12  Corruptor  
  194  14:26  Ultralisk  
  194  14:30  Ultralisk  
  200  14:34  Mutalisk  
  200  14:36  Mutalisk  
  198  14:38  Roach  
  198  14:40  Roach  
  198  14:42  Hydralisk  
  198  14:44  Hydralisk  
  199  15:00  Spine Crawler, Mutalisk  
  199  15:02  Mutalisk  
  199  15:03  Mutalisk  
  200  15:45  Mutalisk  
  200  15:46  Mutalisk  
  200  15:56  Spore Crawler  
  200  15:57  Mutalisk  
  196  15:59  Zergling x2  
  196  16:01  Mutalisk  
  199  16:07  Mutalisk  
  199  16:09  Roach, Mutalisk  
  199  16:11  Roach, Ultralisk  
  181  16:12  Mutalisk  
  181  16:14  Ultralisk  
  181  16:16  Zergling x2  
  181  16:18  Hydralisk  
  154  16:22  Hydralisk  
  140  16:26  Hydralisk  
  140  16:27  Spore Crawler  
  140  16:30  Hydralisk  
  138  16:33  Roach  
  138  16:34  Zergling x2  
  138  16:35  Roach  
  138  16:36  Roach x3  
  138  16:38  Roach, Ultralisk  
  138  16:39  Roach  
  142  16:40  Roach  
  142  16:42  Roach  
  142  16:45  Roach  
  142  16:46  Roach  
  135  16:47  Roach  
  135  16:48  Roach  
  135  16:50  Roach  
  135  16:52  Roach  
  136  16:54  Roach  
  136  16:55  Roach  
  136  16:58  Roach  
  136  16:59  Roach  
  136  17:00  Roach  
  135  17:02  Roach  
  135  17:04  Roach  
  135  17:06  Hydralisk  
  135  17:07  Hydralisk  
  137  17:11  Hydralisk  
  137  17:14  Hydralisk  
  137  17:15  Roach, Hydralisk  
  137  17:21  Zergling x2  
  137  17:22  Spore Crawler  
  122  17:28  Roach  
  122  17:29  Roach x3, Zergling x2  
  116  17:32  Ultralisk  
  120  17:39  Hydralisk  
  120  17:42  Ultralisk  
  120  17:43  Roach  
  124  17:44  Roach  
  124  17:45  Roach  
  124  17:46  Roach, Hydralisk  
  124  17:48  Roach  
  124  17:49  Roach  
  122  17:51  Roach  
  122  17:52  Roach  
  122  17:54  Roach  
  122  17:55  Roach  
  122  17:57  Roach  
  122  17:58  Roach, Zergling x2  
  122  18:00  Roach  
  122  18:01  Roach, Hydralisk  
  122  18:02  Zergling x2  
  122  18:03  Roach  
  122  18:04  Roach  
  122  18:05  Roach x2  
  124  18:06  Roach, Hydralisk x2  
  124  18:07  Overlord, Hydralisk  
  124  18:08  Mutalisk  
  124  18:09  Roach  
  124  18:10  Roach, Mutalisk  
  124  18:11  Hydralisk  
  124  18:12  Mutalisk  
  131  18:16  Mutalisk  
  133  18:23  Mutalisk  
  133  18:26  Overlord  
  134  18:39  Mutalisk  
  134  18:47  Mutalisk  
  136  18:48  Overlord  
  136  18:50  Mutalisk  
  133  18:57  Mutalisk  
  135  19:06  Mutalisk  
  135  19:08  Overlord  
  137  19:11  Hatchery  
  137  19:12  Hydralisk  
  137  19:16  Hydralisk  
  128  19:20  Hydralisk  
  123  19:26  Ultralisk  
  123  19:30  Overseer  
  123  19:31  Zergling x2  
  117  19:32  Roach  
  117  19:35  Roach  
  117  19:38  Overlord  
  116  19:39  Roach  
  115  19:47  Hydralisk  
  109  19:52  Roach  
  109  19:53  Zergling x2  
  109  19:54  Roach  
  109  19:59  Overlord  
  101  20:00  Overlord x2  
  101  20:06  Overlord  
  74  20:11  Drone  
  71  20:17  Overlord, Drone x2  
  71  20:18  Drone  
  71  20:19  Overlord  
  71  20:20  Overlord  
  71  20:21  Overlord  
  71  20:24  Drone  
  58  20:36  Drone x3  
  40  20:53  Spawning Pool  
Show
View Real Time Build Order
Export as new Build Order

A.I. 6 (Elite) Protoss 

Build Orders: 1 Gate Expand, Zealot Archon 

Get SALT Encoding   

  12  0:01  Probe (Chrono Boost)  
  13  0:11  Probe (Chrono Boost)  
  14  0:22  Probe (Chrono Boost), Pylon  
  15  0:40  Probe (Chrono Boost)  
  16  0:50  Probe (Chrono Boost), Gateway  
  17  1:01  Probe (Chrono Boost)  
  18  1:08  Assimilator  
  18  1:11  Pylon  
  18  1:12  Probe (Chrono Boost)  
  19  1:22  Probe (Chrono Boost)  
  20  1:31  Nexus  
  20  1:46  Cybernetics Core  
  21  1:47  Probe (Chrono Boost)  
  21  1:51  Zealot  
  23  2:06  Gateway  
  23  2:09  Probe (Chrono Boost)  
  24  2:20  Probe (Chrono Boost), Pylon  
  25  2:25  Zealot, Warp Gate  
  27  2:31  Probe (Chrono Boost)  
  28  2:43  Assimilator, Probe (Chrono Boost)  
  29  2:46  Probe (Chrono Boost)  
  30  2:53  Adept  
  32  2:58  Adept  
  32  3:03  Probe (Chrono Boost)  
  35  3:12  Probe (Chrono Boost)  
  36  3:15  Probe (Chrono Boost)  
  36  3:17  Pylon  
  37  3:24  Gateway  
  37  3:25  Probe (Chrono Boost)  
  38  3:28  Adept  
  38  3:32  Probe (Chrono Boost)  
  41  3:34  Adept  
  41  3:41  Probe (Chrono Boost)  
  44  3:43  Probe (Chrono Boost)  
  45  3:52  Probe (Chrono Boost)  
  45  3:55  Probe (Chrono Boost), Adept  
  47  4:01  Adept  
  52  4:03  Probe (Chrono Boost)  
  52  4:06  Probe (Chrono Boost)  
  52  4:09  Adept  
  53  4:15  Probe (Chrono Boost)  
  57  4:18  Probe (Chrono Boost)  
  57  4:21  Pylon  
  57  4:24  Pylon  
  57  4:26  Probe (Chrono Boost)  
  57  4:29  Stalker  
  57  4:30  Probe (Chrono Boost)  
  61  4:39  Stalker  
  61  4:41  Probe x2 (Chrono Boost)  
  61  4:43  Twilight Council  
  61  4:45  Stalker  
  67  4:50  Pylon  
  69  4:52  Stalker  
  69  4:53  Probe x2 (Chrono Boost)  
  71  5:00  Stalker  
  71  5:04  Probe (Chrono Boost)  
  71  5:05  Probe (Chrono Boost)  
  71  5:06  Sentry  
  77  5:15  Probe (Chrono Boost)  
  77  5:16  Pylon  
  78  5:22  Templar Archives  
  78  5:23  Assimilator  
  78  5:25  Assimilator  
  78  5:34  Zealot  
  80  5:42  Pylon  
  80  5:47  Probe (Chrono Boost)  
  80  5:49  Probe (Chrono Boost)  
  82  5:53  Zealot x2  
  86  5:59  Probe (Chrono Boost), Nexus  
  86  6:00  Probe (Chrono Boost), High Templar  
  90  6:10  Pylon  
  90  6:12  Zealot  
  90  6:13  Zealot  
  94  6:23  Robotics Facility  
  94  6:30  Zealot x2  
  94  6:31  Zealot  
  94  6:32  Pylon  
  100  6:45  Forge  
  100  6:48  Zealot, Forge  
  100  6:49  Stalker, High Templar  
  106  6:58  Pylon  
  106  7:06  Zealot  
  106  7:07  Archon  
  108  7:10  Sentry  
  108  7:13  Probe (Chrono Boost)  
  108  7:14  Probe (Chrono Boost)  
  108  7:15  Probe (Chrono Boost)  
  113  7:19  High Templar  
  113  7:20  Assimilator  
  115  7:24  Probe (Chrono Boost)  
  115  7:25  High Templar  
  115  7:26  Probe (Chrono Boost)  
  115  7:27  Probe (Chrono Boost)  
  120  7:30  Zealot, Pylon  
  120  7:32  Assimilator  
  120  7:36  Probe (Chrono Boost)  
  124  7:37  Probe (Chrono Boost), Observer  
  124  7:39  Probe (Chrono Boost)  
  124  7:40  Archon  
  126  7:47  Probe (Chrono Boost)  
  126  7:49  Probe (Chrono Boost)  
  126  7:50  Zealot x2, Probe (Chrono Boost)  
  133  7:56  High Templar  
  136  7:59  Probe (Chrono Boost), Pylon  
  136  8:01  Probe (Chrono Boost), Nexus  
  136  8:02  Probe (Chrono Boost)  
  138  8:09  Zealot, High Templar  
  138  8:10  Probe (Chrono Boost)  
  143  8:16  Immortal  
  143  8:18  Probe (Chrono Boost)  
  143  8:19  Probe (Chrono Boost)  
  149  8:24  Pylon  
  149  8:26  Zealot  
  151  8:28  Zealot  
  153  8:38  Stalker x2  
  153  8:39  Stalker, Pylon  
  155  8:43  Pylon  
  155  8:45  Zealot  
  155  8:46  Zealot  
  159  8:48  Gateway  
  159  8:50  Immortal  
  163  8:56  Photon Cannon  
  163  9:02  Sentry  
  157  9:03  Zealot  
  157  9:04  Zealot  
  145  9:11  Pylon  
  139  9:17  Probe (Chrono Boost)  
  139  9:22  Stalker  
  139  9:23  Zealot  
  143  9:24  Stargate  
  143  9:25  Sentry  
  143  9:27  Observer  
  143  9:31  Assimilator  
  146  9:36  Assimilator  
  146  9:42  Stalker, Zealot  
  146  9:43  Stalker  
  146  9:45  Zealot  
  154  9:46  Observer  
  154  9:50  Archon  
  155  10:01  High Templar  
  155  10:03  High Templar  
  155  10:04  Void Ray, Immortal  
  155  10:05  Stalker  
  155  10:06  Stalker  
  171  10:18  Archon  
  171  10:26  Stalker  
  171  10:27  High Templar  
  175  10:31  High Templar  
  177  10:39  Immortal  
  177  10:42  Void Ray  
  177  10:44  Archon  
  177  10:46  High Templar  
  187  10:51  Photon Cannon  
  187  10:54  Photon Cannon  
  187  10:55  High Templar  
  189  11:07  Archon  
  189  11:13  Immortal  
  189  11:15  Void Ray  
  193  11:19  Void Ray  
  197  11:26  Protoss Ground Weapons Level 1  
  197  11:28  Protoss Ground Armor Level 1  
  197  11:43  Pylon  
  197  11:48  Warp Prism  
  197  11:51  Pylon  
  199  11:54  Pylon  
  199  12:00  Zealot  
  195  12:03  Zealot  
  191  12:11  Photon Cannon  
  191  12:18  Photon Cannon  
  191  12:19  Immortal  
  191  12:22  Photon Cannon  
  191  12:25  Photon Cannon  
  195  12:30  Photon Cannon  
  195  12:33  Photon Cannon  
  195  12:36  Photon Cannon  
  195  12:43  Nexus  
  194  12:51  Gateway  
  194  12:54  Robotics Facility  
  194  12:55  Probe (Chrono Boost)  
  194  12:56  Forge, Observer  
  191  13:13  Stalker  
  191  13:14  Zealot, Immortal  
  191  13:17  Sentry  
  187  13:27  Stalker  
  187  13:32  Adept  
  183  13:35  Stalker  
  183  13:37  Immortal  
  189  13:50  Immortal, Adept  
  189  13:52  Stalker  
  191  13:58  Nexus  
  191  13:59  Nexus  
  187  14:07  Assimilator  
  187  14:11  Stalker, Assimilator  
  187  14:13  Stalker  
  187  14:14  Warp Prism  
  187  14:19  Stalker  
  187  14:20  Sentry  
  187  14:22  Stalker, Void Ray  
  187  14:26  Immortal  
  191  14:34  High Templar  
  191  14:38  High Templar  
  195  14:41  Sentry  
  197  15:29  Immortal  
  197  15:32  Protoss Shields Level 1  
  197  15:34  Probe (Chrono Boost)  
  197  15:35  Probe (Chrono Boost)  
  199  15:36  Archon  
  199  15:37  Probe (Chrono Boost), Psionic Storm  
  199  15:38  Probe (Chrono Boost), Immortal  
  193  15:45  Void Ray  
  193  15:46  Probe x2 (Chrono Boost)  
  193  15:49  Probe x2 (Chrono Boost)  
  189  15:51  Stalker  
  189  15:54  Zealot  
  184  15:57  Probe (Chrono Boost)  
  184  15:58  Probe (Chrono Boost), Pylon  
  184  16:05  Probe (Chrono Boost), Immortal  
  184  16:06  Probe (Chrono Boost)  
  184  16:07  Stalker  
  184  16:08  Probe (Chrono Boost)  
  184  16:09  Assimilator  
  184  16:10  Probe (Chrono Boost)  
  179  16:14  Zealot  
  179  16:17  Probe (Chrono Boost), Adept  
  179  16:18  Probe (Chrono Boost), Immortal  
  160  16:19  High Templar  
  160  16:20  Probe (Chrono Boost)  
  160  16:21  Probe (Chrono Boost)  
  160  16:25  Stalker  
  114  16:26  Void Ray  
  114  16:29  Probe (Chrono Boost)  
  114  16:30  Sentry  
  85  16:35  High Templar  
  85  16:36  Zealot  
  53  16:47  High Templar  
  53  16:50  High Templar  
  53  16:52  High Templar  
  44  16:55  Adept  
  35  17:05  Void Ray  
  35  17:07  High Templar  
  35  17:08  Nexus  
  33  17:14  High Templar  
  37  17:20  High Templar  
  35  17:24  Zealot  
  35  17:27  Pylon  
  37  17:36  Archon  
  34  17:37  High Templar  
  34  17:40  Probe (Chrono Boost)  
  34  17:41  Probe x2 (Chrono Boost)  
  34  17:42  Adept  
  35  17:45  High Templar  
  35  17:51  Zealot  
  36  17:52  Probe (Chrono Boost)  
  26  18:12  Cybernetics Core  
  23  18:21  Pylon  
  22  18:37  Pylon  
  10  19:15  Probe (Chrono Boost)  
  8  19:25  Probe (Chrono Boost)  
  9  20:03  Probe (Chrono Boost)  
  9  20:38  Probe (Chrono Boost)  
  10  20:48  Probe (Chrono Boost)  
  11  20:59  Probe (Chrono Boost)  
  12  21:09  Probe (Chrono Boost)  
  13  21:20  Probe (Chrono Boost)  
  14  21:30  Probe (Chrono Boost)  
  15  21:36  Nexus  
  15  22:00  Probe (Chrono Boost)  
Tags
 
Add a new tag
Caveats
  • Supply blocks, unpowered buildings, or Contaminate may cause inaccurate times.
  • Supply counts are checked every 10 seconds.